 Dungeon Crawl Stone Soup version 0.31-a0-626-g8143ab4f1d (webtiles) character file.

Game seed: 4782656713121414837

61450 Pooter the Severer (level 14, -4/130 HPs)
             Began as a Minotaur Berserker on Aug 24, 2023.
             Was a High Priest of Trog.
             Slain by a white ugly thing (11 damage)
             ... on level 5 of the Lair of Beasts on Aug 25, 2023.
             The game lasted 01:44:03 (18160 turns).

Pooter the Severer (Minotaur Berserker)            Turns: 18160, Time: 01:44:04

Health: -4/130     AC: 14    Str: 33      XL:     14   Next: 60%
Magic:  13/13      EV: 15    Int:  4      God:    Trog [*****.]
Gold:   1127       SH:  0    Dex:  4 (8)  Spells: 13/13 levels left

rFire   + . .        a - +1 executioner's axe (freeze)
rCold   + . .        (shield currently unavailable)
rNeg    . . .        k - +5 scale mail {Will+}
rPois   .            (helmet restricted)
rElec   .            Y - scarf {rC+ rF+}
rCorr   .            q - +2 pair of gloves
SInv    .            (no boots)
Will    ++...        S - amulet of regeneration Stlth
                     I - +6 ring of strength
HPRegen 1.21/turn    G - +5 ring of evasion
MPRegen 0.13/turn

%: no passive effects
@: on berserk cooldown, slowed, very slow
A: horns 2, retaliatory headbutt, clumsy 1
a: Renounce Religion, Berserk, Trog's Hand, Brothers in Arms


You were on level 5 of the Lair of Beasts.
You worshipped Trog.
Trog was extremely pleased with you.
You visited 2 branches of the dungeon, and saw 16 of its levels.
You visited the Abyss 1 time.
You also visited: Ice Cave.

You collected 1127 gold pieces.

Inventory:

Hand Weapons
 a - a +1 executioner's axe of freezing (weapon)
   (You found it in an ice cave)
 b - a +0 heavy arbalest
   (You found it on level 9 of the Dungeon)
 F - a +4 flail
   (You took it off a wight on level 9 of the Dungeon)
 J - a +4 trident of draining
   (You took it off Jeremiah on level 9 of the Dungeon)
 T - a +2 antimagic battleaxe
   (Trog gifted it to you in an ice cave)
 V - the +11 hammer "Agruulog" {spect, Dex+8}
   (You found it on level 5 of the Dungeon)

   Dex+8:     It affects your dexterity (+8).
Missiles
 h - 4 boomerangs (quivered)
 j - 25 poisoned darts
 w - 5 throwing nets {!f}
 O - 5 curare-tipped darts
 Q - 133 stones
 Z - 6 javelins
Armour
 g - a +0 plate armour
   (You found it on level 1 of the Dungeon)
 k - a +5 scale mail of willpower (worn)
   (You found it on level 1 of the Dungeon)
 q - a +2 pair of gloves (worn)
   (You found it on level 3 of the Dungeon)
 s - the +1 robe "Xynisass" {rF- rCorr SInv}
   (You found it on level 4 of the Dungeon)

   rF-:       It makes you vulnerable to fire.
   SInv:      It lets you see invisible.
   rCorr:     It protects you from acid and corrosion.
 x - a scarf of repulsion
   (You found it on level 5 of the Dungeon)
 A - +0 ice dragon scales
   (You found it in an ice cave)
 Y - a scarf of resistance (worn)
   (You found it on level 4 of the Lair of Beasts)
Jewellery
 B - a ring of ice
   (You found it on level 1 of the Dungeon)
 E - a ring of flight
   (You found it on level 3 of the Lair of Beasts)
 G - a +5 ring of evasion (right hand)
   (You found it in an ice cave)
 I - a +6 ring of strength (left hand)
   (You found it on level 10 of the Dungeon)
 L - a ring of fire
   (You took it off a gnoll sergeant on level 10 of the Dungeon)
 N - a ring of positive energy
   (You found it on level 10 of the Dungeon)
 S - an amulet of regeneration (around neck)
   (You found it on level 1 of the Lair of Beasts)
Wands
 d - a wand of iceblast (9)
   (You found it on level 4 of the Dungeon)
 f - a wand of flame (10)
   (You found it on level 2 of the Lair of Beasts)
 u - a wand of paralysis (10)
   (You found it on level 9 of the Dungeon)
 v - a wand of digging (7)
   (You found it on level 2 of the Lair of Beasts)
 R - a wand of mindburst (7)
   (You took it off Sonja on level 2 of the Lair of Beasts)
Scrolls
 i - a scroll of identify {@r1}
 l - 2 scrolls of silence
 t - 4 scrolls of teleportation {@r4}
 D - a scroll of fear
 H - 3 scrolls of immolation {!r}
 P - 2 scrolls of fog
 W - 4 scrolls of vulnerability {!r}
 X - a scroll of blinking
Potions
 c - 2 potions of heal wounds {@q2}
 e - 6 potions of curing {@q1}
 m - 2 potions of haste {@q3}
 n - 3 potions of resistance
 o - 4 potions of mutation {!q}
 p - 3 potions of lignification {!q}
 r - a potion of cancellation
 y - 5 potions of enlightenment
 z - a potion of might
 C - 2 potions of ambrosia
 K - a potion of attraction {!q}


   Skills:
 + Level 13.6 Fighting
 * Level 17.0(18.7) Axes
 - Level 13.3(16.9) Maces & Flails
 * Level 15.7 Ranged Weapons
 - Level 2.4 Armour
 - Level 2.1 Dodging
 - Level 5.0 Evocations


You had 13 spell levels left.
You didn't know any spells.
Your spell library was empty.

Dungeon Overview and Level Annotations

Branches:
Dungeon (11/15) Zot: 25831  Temple (0/1) D:7            Lair (5/5) D:10 Zot: 24334
  Swamp (0/4) Lair:3        Snake (0/4) Lair:3        Slime (0/5) Lair:4
    Orc (0/2) D:11          IceCv (visited)

Altars:
Ashenzari
Dithmenos
Fedhas
Hepliaklqana
Kikubaaqudgha
Okawaru
Ru
Sif Muna
Trog
Wu Jian
Xom

Shops:
D:4 :*   D:5 *   D:11 [

Portals:
Abyss: Lair:5

Annotations:
Lair:5 1 transporter


Innate Abilities, Weirdness & Mutations

You have a pair of horns on your head.
You reflexively headbutt those who attack you in melee.
You are clumsy. (Dex -2)


Message History

You headbutt the great orb of eyes! The orange demon closely misses you.
The great orb of eyes bites you but does no damage.
You hit the great orb of eyes. You freeze the great orb of eyes.
You hit the great orb of eyes. You freeze the great orb of eyes.
The orange demon stings you from afar.
* * * LOW HITPOINT WARNING * * *
You are poisoned.
The orange demon poisons you! The great orb of eyes gazes at you.
You resist with almost no effort.
Unknown command.
You slice the great orb of eyes like a ripe choko!!!
You freeze the great orb of eyes!
You kill the great orb of eyes!
Trog accepts your kill.
You feel very sick.
You feel sick.
The orange demon stings you but does no damage.
The orange demon barely misses you.
You closely miss the orange demon. Your headbutt misses the orange demon.
You feel sick. The orange demon barely misses you. You furiously retaliate!
You headbutt the orange demon!
The orange demon hits you but does no damage.
You slice the orange demon!! You freeze the orange demon!
You feel sick.
You hear a horrible gurgling sound!
You barely miss the orange demon.
You feel sick. The orange demon closely misses you. You furiously retaliate!
You headbutt the orange demon!
You kill the orange demon!
Trog accepts your kill.
Trog will now gift you melee weapons as you gain piety.
A white ugly thing comes into view.
Your base Axes skill increases to level 17!
You feel sick.
You feel a strong urge to attack something.
You are no longer berserk.
You are exhausted.
You feel yourself slow down.
You feel sick.
You slice the white ugly thing!!
You feel sick.
The white ugly thing closely misses you.
You furiously retaliate!
You headbutt the white ugly thing. The white ugly thing claws you!
* * * LOW HITPOINT WARNING * * *
The white ugly thing freezes you! You resist.
* * * LOW HITPOINT WARNING * * *
You feel better. The white ugly thing claws you.
* * * LOW HITPOINT WARNING * * *
The white ugly thing freezes you! You resist.
You die...

.... ........ .... # .# ..#
........ .... ..##. .h ..#
........ .... ..#..##. #..
........ .... ...##...###..
........ #..###...##..#...
..P...†† .##.##...##.)##.###
......#. .##.....##§§#.###.#
.##....# .......©#©§#.#..@.#
##.... P.P..)..##.#.#$#∩u# ......
.........##...:.}..# ..#.....
.#........#.^..#####..##..###....
P###P....###..##..# #^.#...##...#
.#####...#.©###...###4##...#.#P.
#..##....####.......###...#######
...........©..............##..##.
.................................


You could see a white ugly thing.

Vanquished Creatures
  A frost giant (IceCv)
  The ghost of Peiku the Fencer, a journeyman MiBe of Trog (Lair:5)
  A lorocyproca (Abyss:2)
  A great orb of eyes (Lair:5)
  Harold (D:10)
  Fannar (Lair:2)
  3 hydras
  A two-headed ogre (D:10)
  A demonic crawler (Abyss:2)
  2 death yaks (Lair:4)
  Sonja (Lair:2)
  A thrashing horror (Abyss:2)
  Nergalle (Lair:1)
  A soul eater (Lair:5)
  A wretched star (Abyss:2)
  2 skysharks (Lair:3)
  A lindwurm (Lair:3)
  A shining eye (Abyss:2)
  3 cyclopes (D:11)
  2 ugly things
  2 worldbinders
  An apocalypse crab (Abyss:2)
  9 elephants
  An orange demon (Lair:5)
  Jeremiah (D:9)
  2 smoke demons (Abyss:2)
  An ice statue (IceCv)
  9 cane toads
  7 black mambas
  A kobold demonologist (D:11)
  8 komodo dragons
  5 rime drakes
  An ancient zyme (Abyss:2)
  17 polar bears
  A hellwing (Lair:5)
  A wind drake (shapeshifter) (Abyss:2)
  21 blink frogs
  A raiju (Lair:5)
  A shadow (D:11)
  An ettin skeleton (Abyss:2)
  A wraith (Abyss:2)
  2 slime creatures (Lair:4)
  A spriggan (Lair:5)
  Sigmund (D:5)
  5 wyverns
  A vampire (D:11)
  A human (D:8)
  44 yaks
  4 hogs
  5 basilisks
  2 ynoxinuls (Abyss:2)
  3 vampire mosquitoes (D:10)
  2 steam dragons
  A neqoxec (Abyss:2)
  2 nagas (Lair:3)
  6 large abominations
  An acid dragon (D:10)
  16 water moccasins
  4 ice beasts
  2 sky beasts
  3 black bears
  A boggart (Lair:5)
  5 orc warriors
  6 centaurs
  34 wolves
  A phantom (D:5)
  19 bullfrogs
  3 kobold brigands
  3 scorpions
  A gnoll sergeant (D:10)
  10 wights
  17 killer bees
  3 small abominations (Abyss:2)
  6 howler monkeys
  5 jellies
  4 orc priests
  Crazy Yiuf (D:5)
  3 hounds
  7 iguanas
  An iron imp (Abyss:2)
  6 starcursed masses (Abyss:2)
  Jessica (D:3)
  A sleepcap (D:8)
  6 orc wizards
  2 wolf simulacra (Lair:2)
  17 gnolls
  7 adders
  A shadow imp (D:3)
  2 ufetubi (D:7)
  2 worms (D:2)
  4 dart slugs
  31 orcs
  10 endoplasms
  2 giant cockroaches (D:3)
  9 hobgoblins
  5 jackals
  12 kobolds
  3 quokkas
  6 ball pythons
  6 bats
  A frilled lizard (D:1)
  6 goblins
  6 rats
501 creatures vanquished.

Vanquished Creatures (others)
  A small abomination (Abyss:2)
  3 spectral weapons
4 creatures vanquished.

Grand Total: 505 creatures vanquished

Notes
Turn   | Place    | Note
-------+----------+-------------------------------------------
     0 | D:1      | Pooter the Minotaur Berserker began the quest for the Orb.
     0 | D:1      | Reached XP level 1. HP: 19/19 MP: 0/0
    62 | D:1      | Reached skill level 4 in Axes
   121 | D:1      | Reached XP level 2. HP: 27/27 MP: 1/1
   252 | D:1      | Found a faded altar of an unknown god.
   253 | D:1      | Noticed a golden eye
   258 | D:1      | Noticed a golden eye
   261 | D:1      | Noticed a floating eye
   261 | D:1      | Noticed a golden eye
   638 | D:1      | Reached XP level 3. HP: 30/33 MP: 2/2
   833 | D:2      | Reached ** piety under Trog
   875 | D:2      | Reached skill level 5 in Axes
   887 | D:2      | Reached XP level 4. HP: 12/41 MP: 3/3
  1485 | D:2      | Reached skill level 1 in Ranged Weapons
  1747 | D:3      | Found an ornate altar of the Wu Jian Council.
  1758 | D:3      | Reached XP level 5. HP: 47/47 MP: 4/4
  2090 | D:3      | Reached skill level 6 in Axes
  2157 | D:3      | Noticed Jessica
  2164 | D:3      | Killed Jessica
  2165 | D:3      | Reached skill level 5 in Fighting
  2250 | D:3      | Reached *** piety under Trog
  2459 | D:4      | Identified the +1 robe "Xynisass" {rF- rCorr SInv}
  2505 | D:4      | Reached XP level 6. HP: 45/56 MP: 5/5
  2767 | D:4      | Found Ickefuez's Neck Hole.
  3174 | D:4      | Reached skill level 7 in Axes
  3196 | D:4      | Found an iron altar of Okawaru.
  3211 | D:4      | Found Uqoroum's Book Boutique.
  3450 | D:5      | Entered Level 5 of the Dungeon
  3461 | D:5      | Reached XP level 7. HP: 62/62 MP: 6/6
  3633 | D:5      | Found an ancient bone altar of Kikubaaqudgha.
  3649 | D:5      | Noticed Sigmund
  3658 | D:5      | Killed Sigmund
  3659 | D:5      | Reached skill level 5 in Ranged Weapons
  3671 | D:5      | Reached skill level 8 in Axes
  3735 | D:5      | Found a runed translucent door.
  3736 | D:5      | Noticed Crazy Yiuf
  3741 | D:5      | Killed Crazy Yiuf
  3746 | D:5      | Identified the +11 hammer "Agruulog" {spect, Dex+8}
  3849 | D:5      | Reached skill level 1 in Maces & Flails
  3849 | D:5      | Reached XP level 8. HP: 47/71 MP: 7/7
  4009 | D:5      | Found Tawene's Fire Supplies.
  4135 | D:6      | Found a blossoming altar of Fedhas.
  4224 | D:6      | Found a shimmering altar of Xom.
  5032 | D:7      | Reached skill level 5 in Maces & Flails
  5036 | D:7      | Reached XP level 9. HP: 79/79 MP: 8/8
  5038 | D:7      | Reached skill level 9 in Axes
  5266 | D:7      | Found a staircase to the Ecumenical Temple.
  5844 | D:8      | Found a shimmering blue altar of Sif Muna.
  6024 | D:8      | Reached **** piety under Trog
  6107 | D:8      | Reached XP level 10. HP: 84/89 MP: 9/9
  6170 | D:8      | Found a sacrificial altar of Ru.
  6231 | D:8      | Found a shadowy altar of Dithmenos.
  6447 | D:8      | Found a bloodstained altar of Trog.
  7046 | D:9      | Noticed Jeremiah
  7051 | D:9      | Killed Jeremiah
  7052 | D:9      | Reached skill level 10 in Axes
  7239 | D:9      | Reached skill level 10 in Ranged Weapons
  7290 | D:9      | Found a hazy altar of Hepliaklqana.
  7652 | D:9      | Reached skill level 1 in Evocations
  8107 | D:10     | Entered Level 10 of the Dungeon
  8505 | D:10     | Found a broken altar of Ashenzari.
  8520 | D:10     | Reached skill level 10 in Maces & Flails
  8520 | D:10     | Reached XP level 11. HP: 90/97 MP: 10/10
  8674 | D:10     | Found a staircase to the Lair.
  8736 | D:10     | Noticed Harold
  8743 | D:10     | Killed Harold
  8947 | D:10     | Noticed a two-headed ogre
  8951 | D:10     | Killed a two-headed ogre
  9311 | D:10     | Identified the +7 quarterstaff of Qicil {distort, *Rage
                  | rF++ Dex+3}
  9422 | D:11     | Reached skill level 11 in Axes
  9481 | D:11     | Found a blossoming altar of Fedhas.
  9536 | D:11     | Noticed a green ugly thing
  9551 | D:11     | Killed a green ugly thing
  9552 | D:11     | Reached skill level 10 in Fighting
  9763 | D:11     | Found Zywuylo's Armour Shop.
  9763 | D:11     | Found a staircase to the Orcish Mines.
  9808 | D:11     | Noticed a sun demon
  9823 | D:11     | Reached ***** piety under Trog
 10513 | Lair:1   | Entered Level 1 of the Lair of Beasts
 10840 | Lair:1   | Noticed Nergalle
 10848 | Lair:1   | Killed Nergalle
 11160 | Lair:1   | Reached XP level 12. HP: 103/103 MP: 11/11
 11163 | Lair:1   | You fall into a shaft and drop 1 floor!
 11189 | Lair:2   | Noticed Sonja
 11205 | Lair:2   | Killed Sonja
 11247 | Lair:2   | Reached skill level 12 in Axes
 11335 | Lair:2   | Found a frozen archway.
 11371 | IceCv    | Entered an ice cave
 11584 | IceCv    | Received a gift from Trog
 12540 | IceCv    | Reached skill level 13 in Axes
 12600 | IceCv    | Noticed a frost giant
 12632 | IceCv    | Killed a frost giant
 12635 | IceCv    | Reached skill level 5 in Evocations
 13220 | Lair:2   | Noticed Fannar
 13238 | Lair:2   | Killed Fannar
 13747 | Lair:3   | Reached XP level 13. HP: 116/116 MP: 12/12
 14152 | Lair:3   | Found a staircase to the Swamp.
 14170 | Lair:3   | Reached skill level 14 in Axes
 14494 | Lair:3   | Found a staircase to the Snake Pit.
 15326 | Lair:3   | Reached skill level 15 in Axes
 17172 | Lair:4   | Found a staircase to the Slime Pits.
 17332 | Lair:5   | Entered Level 5 of the Lair of Beasts
 17332 | Lair:5   | Found a transporter.
 17332 | Lair:5   | Found a transporter.
 17398 | Lair:5   | Reached XP level 14. HP: 108/127 MP: 13/13
 17504 | Lair:5   | Reached skill level 16 in Axes
 17750 | Lair:5   | Found a one-way gate to the infinite horrors of the Abyss.
 17750 | Lair:5   | Noticed Peiku's ghost (journeyman MiBe)
 17753 | Abyss:2  | Cast into level 2 of the Abyss (spriggan)
 17755 | Abyss:2  | Found a shimmering altar of Xom.
 17755 | Abyss:2  | Found a shimmering altar of Xom.
 17755 | Abyss:2  | Found a shimmering altar of Xom.
 17756 | Abyss:2  | Found a shimmering altar of Xom.
 17757 | Abyss:2  | Found a shimmering altar of Xom.
 17757 | Abyss:2  | Found a corrupted altar of Lugonu.
 17757 | Abyss:2  | Found a shimmering altar of Xom.
 17757 | Abyss:2  | Found a shimmering altar of Xom.
 17757 | Abyss:2  | Found a shimmering altar of Xom.
 17757 | Abyss:2  | Found a shimmering altar of Xom.
 17759 | Abyss:2  | Found a shimmering altar of Xom.
 17759 | Abyss:2  | Found a shimmering altar of Xom.
 17778 | Abyss:2  | Reached skill level 15 in Ranged Weapons
 17778 | Abyss:2  | Found a shimmering altar of Xom.
 17778 | Abyss:2  | Found a shimmering altar of Xom.
 17783 | Abyss:2  | Found a shimmering altar of Xom.
 17783 | Abyss:2  | Found a shimmering altar of Xom.
 17783 | Abyss:2  | Found a shimmering altar of Xom.
 17802 | Abyss:2  | Paralysed by accursed screaming for 1 turns
 17976 | Abyss:2  | Lost intelligence.
 17996 | Abyss:2  | Gained mutation: You are clumsy. (Dex -2) [a neqoxec]
 18129 | Lair:5   | Escaped the Abyss
 18136 | Lair:5   | Killed Peiku's ghost
 18157 | Lair:5   | Reached skill level 17 in Axes
 18159 | Lair:5   | HP: 2/130 [white ugly thing (11)]
 18160 | Lair:5   | Slain by a white ugly thing

Illustrated notes

Levels and vault maps discovered:
D:1:      dpeg_arrival_simpleton_b, layout_loops_cross,
          hellmonk_ecumenical_altar_watching_god
D:2:      layout_basic, serial_bayou_ford_a
D:3:      minmay_diamond_boxcup, layout_rooms, mainiacjoe_overflow_24_doors,
          kennysheep_boxes, uniq_jessica
D:4:      kennysheep_spiral_hall, layout_cave_pods,
          mainiacjoe_overflow_alcove_4, serial_shops,
          nicolae_book_shop_shelving, nicolae_shop_sticking_my_neck_out
D:5:      layout_gridville, mainiacjoe_overflow_surrounded_room,
          nicolae_shop_fire_sale [nicolae_sub_dead_trees],
          nicolae_elevator_lobby_asterisk, uniq_crazy_yiuf_cottage, uniq_sigmund
D:6:      layout_cave_pools, nicolae_overflow_crystal_walls,
          brannock_xom_greatest_gift
D:7:      layout_gridville, temple_pool_b
D:8:      layout_rooms, lightli_temple_of_fire, lemuel_round_altar,
          marbit_many_paths, mainiacjoe_overflow_boulevard, grunt_livestock,
          minmay_between
D:9:      layout_grid_maze, nicolae_hepliaklqana_hippocampus,
          nicolae_houndstooth_variations, uniq_jeremiah
D:10:     layout_rooms, nicolae_ashenzari_skybound, minmay_lair_entry_grove,
          uniq_harold
D:11:     layout_loops_ring, orc_david_3, fedhas_altar_3
Lair:1:   layout_misc_corridors, uniq_nergalle
Lair:2:   layout_misc_corridors, portal_ice_cave_entry_ice_simulacra,
          uniq_fannar, uniq_sonja
Lair:3:   layout_hall_layers, swamp_mist_pool, guppyfry_snake_entry_garden,
          nzn_random_ring, grunt_megastairs_3
Lair:4:   layout_regular_city, minmay_slime_entry_pillars, beast_lair_carwin_3
Lair:5:   minmay_lair_end_enchanted_forest, layout_regular_city,
          gammafunk_ghost_abyssal_escape, nicolae_volcano_entry_s_turn

Skill      XL: |  1  2  3  4  5  6  7  8  9 10 11 12 13 14 |
---------------+-------------------------------------------+-----
Axes           | 4 5 6 7 8 9 10 11 13 15 17 | 17.0
Fighting       | 4 5 6 7 8 9 10 11 12 13 | 13.6
Ranged Weapons | 1 2 4 5 7 9 10 12 13 14 15 | 15.7
Maces & Flails | 1 5 7 10 11 12 13 | 13.3
Evocations     | 1 3 5 |  5.0
Armour         | |  2.4
Dodging        | |  2.1

Action                     |  1- 3 |  4- 6 |  7- 9 | 10-12 | 13-15 || total
---------------------------+-------+-------+-------+-------+-------++-------
  Melee: Hand axe          |    62 |     5 |       |       |       ||    67
         Headbutt          |    10 |    16 |    24 |    59 |    61 ||   170
         Halberd           |       |   122 |    16 |       |       ||   138
         Mace              |       |       |   107 |   282 |    45 ||   434
         War axe           |       |       |       |    11 |       ||    11
         Executioner's axe |       |       |       |    20 |   228 ||   248
         Punch             |       |       |       |     1 |     1 ||     2
   Fire: Sling             |       |    74 |    25 |       |       ||    99
         Orcbow            |       |       |     3 |       |       ||     3
         Arbalest          |       |       |       |   135 |   170 ||   305
  Throw: Dart              |     2 |     8 |     2 |    22 |       ||    34
         Throwing net      |       |       |       |     1 |       ||     1
         Boomerang         |       |       |       |     3 |     7 ||    10
 Invoke: Berserk           |     1 |     2 |     6 |    11 |     4 ||    24
         Trog's Hand       |       |     2 |     4 |     8 |    14 ||    28
  Evoke: Wand              |       |       |       |     8 |       ||     8
    Use: Scroll            |       |     5 |     2 |    16 |     8 ||    31
         Potion            |       |       |       |       |     7 ||     7
   Stab: Paralysed         |       |       |       |     4 |       ||     4
         Held in net/web   |       |       |       |     1 |       ||     1
         Distracted        |       |       |       |     3 |     2 ||     5
 Armour: Animal skin       |     3 |       |       |       |       ||     3
         Plate armour      |     8 |       |       |       |       ||     8
         Scale mail        |     3 |    75 |    52 |   127 |   134 ||   391
         Skin              |       |     3 |       |       |       ||     3
         Ice dragon scales |       |       |       |    17 |       ||    17
  Dodge: Dodged            |    23 |    91 |    49 |   223 |   277 ||   663
         Repelled          |       |       |       |     2 |     3 ||     5
  Block: Tower shield      |       |       |    43 |       |       ||    43

Table legend: (Time is in decaauts)
 A = Elapsed time spent in this place.
 B = Non-inter-level travel time spent in this place.
 C = Inter-level travel time spent in this place.
 D = Time resting spent in this place.
 E = Time spent auto-exploring this place.
 F = Levels seen in this place.
 G = Mean time per level.
                   A        B        C        D        E       F      G
               +--------+--------+--------+--------+--------+-----+--------+
         Total |  18527 |  18220 |    307 |   5740 |   8473 |  18 | 1029.3 |
       Dungeon |  10756 |  10499 |    257 |   2512 |   6047 |  11 |  977.8 |
          Lair |   5663 |   5614 |     49 |   2289 |   2092 |   5 | 1132.6 |
         Abyss |    429 |    429 |      0 |     74 |     18 |   1 |  429.0 |
      Ice Cave |   1679 |   1679 |      0 |    864 |    315 |   1 | 1679.0 |
               +--------+--------+--------+--------+--------+-----+--------+

Top non-repeatable levels by time:
  Lair:4: 1972 daAuts
   IceCv: 1679 daAuts
  Lair:3: 1657 daAuts
     D:9: 1641 daAuts
    D:10: 1280 daAuts
    D:11: 1146 daAuts
     D:4: 1086 daAuts
     D:1: 916 daAuts
  Lair:2: 912 daAuts
     D:8: 847 daAuts
     D:6: 814 daAuts
     D:7: 800 daAuts
     D:3: 794 daAuts
     D:2: 777 daAuts
     D:5: 651 daAuts
